 Dungeon Crawl Stone Soup version 0.31-a0-1084-gb392501acf (webtiles) character file.

Game seed: 5251865609220097865

223777 Bnni the Apostle (level 18, -19/176 HPs)
             Began as a Hill Orc Monk on Nov 21, 2023.
             Was a High Priest of Beogh.
             Killed from afar by a crystal guardian (25 damage)
             ... with a crystal bolt
             ... led by a peacekeeper
             ... on level 4 of the Vaults on Nov 28, 2023.
             The game lasted 03:43:00 (45715 turns).

Bnni the Apostle (Hill Orc Monk)                   Turns: 45715, Time: 03:43:01

Health: -19/176    AC: 47    Str: 22    XL:     18   Next: 80%
Magic:  31/31      EV:  5    Int: 10    God:    Beogh [*****.]
Gold:   3118       SH: 25    Dex: 13    Spells: 17/17 levels left

rFire   . . .        S - +9 broad axe (protect)
rCold   . . .        C - +0 tower shield
rNeg    . . .        b - +0 crystal plate armour
rPois   +            p - +0 helmet
rElec   .            B - +2 cloak {Stlth+}
rCorr   .            v - +2 pair of gloves
SInv    .            k - +2 pair of boots {rampage}
Will    +....        U - amulet of reflection Stlth
                     O - +4 ring of protection
HPRegen 0.49/turn    A - ring of poison resistance
MPRegen 0.22/turn

%: reflection, rampage
@: marked, under a protective aura
A: walk on water
}: 2/15 runes: decaying, gossamer
a: Renounce Religion, Smiting, Recall Orcish Followers, Give Item to Named
Follower


You were on level 4 of the Vaults.
You worshipped Beogh.
Beogh was extremely pleased with you.
You visited 6 branches of the dungeon, and saw 33 of its levels.
You also visited: Sewer, Bailey, Gauntlet and Ice Cave.

You collected 4614 gold pieces.
You spent 1496 gold pieces at shops.

Inventory:

Hand Weapons
 S - a +9 broad axe of protection (weapon)
Missiles
 R - 6 boomerangs
 T - 10 silver javelins
 V - 2 curare-tipped darts
 X - 3 javelins
Armour
 b - a +0 crystal plate armour (worn)
 i - an orb of light
 k - a +2 pair of boots of rampaging (worn)
 p - a +0 helmet (worn)
 v - a +2 pair of gloves (worn)
 B - a +2 cloak of stealth (worn)
 C - a +0 tower shield (worn)
 P - an orb of light
 Y - a +2 chain mail of cold resistance
Jewellery
 r - a ring of fire
 t - the ring of Miahustri {rN+ Str+5 Dex+2}
   (You took it off a minotaur in a Gauntlet)

   [ring of positive energy]

   Str+5:     It affects your strength (+5).
   Dex+2:     It affects your dexterity (+2).
   rN+:       It protects you from negative energy.
 y - a ring of resist corrosion
 A - a ring of poison resistance (right hand)
 H - a ring of protection from cold
 J - a ring of flight
 K - the ring of Ignis's Pride {rN+ Str+6 Dex+2 SInv}
   (You found it on level 1 of the Vaults)

   [ring of strength]

   Str+6:     It affects your strength (+6).
   Dex+2:     It affects your dexterity (+2).
   rN+:       It protects you from negative energy.
   SInv:      It lets you see invisible.
 N - a ring of positive energy
 O - a +4 ring of protection (left hand)
 U - an amulet of reflection (around neck)
Wands
 s - a wand of roots (50)
 I - a wand of digging (15)
 Q - a wand of light (12)
Scrolls
 a - 3 scrolls of butterflies
 d - a scroll of fear
 g - 4 scrolls of blinking
 m - 9 scrolls of enchant armour
 o - 3 scrolls of fog
 u - 7 scrolls of immolation
 w - 9 scrolls of teleportation
 z - 2 scrolls of revelation
 L - 3 scrolls of enchant weapon
 M - 2 scrolls of brand weapon
Potions
 e - 4 potions of enlightenment
 f - 16 potions of ambrosia
 h - 8 potions of magic
 j - 9 potions of curing
 l - a potion of heal wounds
 n - 10 potions of might
 q - 10 potions of mutation
 x - 7 potions of attraction
 D - 3 potions of cancellation
 E - 5 potions of resistance
 F - 7 potions of haste
 G - 3 potions of invisibility
Miscellaneous
 W - a phantom mirror
 Z - a condenser vane


   Skills:
 + Level 19.3 Fighting
 - Level 18.0 Axes
 + Level 15.2 Armour
 - Level 2.4 Dodging
 * Level 18.0 Shields
 + Level 19.7 Invocations


You had 17 spell levels left.
You didn't know any spells.
Your spell library contained the following spells:

 Spells                   Type           Power      Damage    Failure   Level
 Apportation              Tloc           0%         N/A       100%        1
 Freeze                   Ice            0%         1d3       100%        1
 Necrotise                Necr           0%         1d4       100%        1
 Slow                     Hex            0%         N/A       100%        1
 Summon Small Mammal      Summ           0%         N/A       100%        1
 Blink                    Tloc           0%         N/A       100%        2
 Cigotuvi's Dreadful Rot  Necr/Pois/Air  0%         N/A       100%        2
 Lesser Beckoning         Tloc           0%         N/A       100%        2
 Momentum Strike          Conj/Tloc      0%         3d8       100%        2
 Poisonous Vapours        Pois/Air       0%         N/A       100%        2
 Static Discharge         Conj/Air       0%         3-3/arc   100%        2
 Sublimation of Blood     Necr           0%         N/A       100%        2
 Wereblood                Tmut           0%         N/A       100%        2
 Call Canine Familiar     Summ           0%         N/A       100%        3
 Confusing Touch          Hex            0%         N/A       100%        3
 Dazzling Flash           Conj/Hex       0%         N/A       100%        3
 Frozen Ramparts          Ice            0%         1d1       100%        3
 Hailstorm                Conj/Ice       0%         3d3       100%        3
 Inner Flame              Hex/Fire       0%         N/A       100%        3
 Mephitic Cloud           Conj/Pois/Air  0%         N/A       100%        3
 Sigil of Binding         Hex            0%         N/A       100%        3
 Stone Arrow              Conj/Erth      0%         3d7       100%        3
 Vampiric Draining        Necr           0%         2d6       100%        3
 Volatile Blastmotes      Fire/Tloc      0%         2d10      100%        3
 Airstrike                Air            0%         2d(0-16)  100%        4
 Animate Armour           Summ/Erth      0%         N/A       100%        4
 Dimensional Bullseye     Hex/Tloc       0%         N/A       100%        4
 Dispel Undead            Necr           0%         3d6       100%        4
 Flame Wave               Conj/Fire      0%         2d4       100%        4
 Leda's Liquefaction      Hex/Erth       0%         N/A       100%        4
 Manifold Assault         Tloc           0%         N/A       100%        4
 Petrify                  Tmut/Erth      0%         N/A       100%        4
 Sticky Flame             Conj/Fire      0%         2d3       100%        4
 Summon Lightning Spire   Summ/Air       0%         N/A       100%        4
 Vhi's Electric Charge    Tloc/Air       0%         N/A       100%        4
 Arcjolt                  Conj/Air       0%         1d10      100%        5
 Freezing Cloud           Conj/Ice/Air   0%         6-21      100%        5
 Irradiate                Conj/Tmut      0%         3d11      100%        5
 Yara's Violent Unravell  Hex/Tmut       0%         3d3       100%        5
 Death Channel            Necr           0%         N/A       100%        6
 Plasma Beam              Fire/Air       0%         2x1d10    100%        6
 Starburst                Conj/Fire      0%         6d3       100%        6
 Enfeeble                 Hex            0%         N/A       100%        7
 Malign Gateway           Summ/Tloc      0%         N/A       100%        7
 Summon Hydra             Summ           0%         N/A       100%        7
 Lehudib's Crystal Spear  Conj/Erth      0%         10d2      100%        8
 Maxwell's Capacitive Co  Air            0%         ∞         100%        8
 Summon Horrible Things   Summ           0%         N/A       100%        8
 Chain Lightning          Conj/Air       0%         N/A       100%        9
 Fire Storm               Conj/Fire      0%         5d1       100%        9
 Shatter                  Erth           0%         3d5*      100%        9


Dungeon Overview and Level Annotations

Branches:
Dungeon (15/15)            Temple (0/1) D:5            Lair (5/5) D:11
  Swamp (4/4) Lair:2       Spider (4/4) Lair:3        Slime (0/5) Lair:4
    Orc (2/2) D:12            Elf (0/3) Orc:2        Vaults (4/5) D:14
  Crypt (0/3) Vaults:2     Depths (0/4) D:15          Sewer (visited)
 Bailey (visited)           IceCv (visited)         Gauntlet (visited)

Altars:
Ashenzari
Dithmenos
Elyvilon
Hepliaklqana
Kikubaaqudgha
Nemelex Xobeh
Okawaru
Qazlal
Ru
Sif Muna
Trog
Uskayaw
Wu Jian
Xom
Beogh
Jiyva

Shops:
D:10 :   D:15 [   Orc:2 (?*(=   Vaults:2 (:(=(   Vaults:3 (

Annotations:
D:15 2 transporters, Sacsyrch's ghost, journeyman DrMo


Message History

The yaktaur captain hits you!
A slime creature comes into view.
You hit the crystal guardian but do no damage.
The crystal guardian is severely damaged.
You hit the yaktaur captain. You hit the slime creature.
You block the yaktaur captain's attack.
You block the crystal guardian's attack.
You block the slime creature's attack.
Unknown command.
Unknown command.
You hit the crystal guardian but do no damage.
The crystal guardian is severely damaged.
You slash the slime creature! You slash the yaktaur captain!
A slime creature comes into view.
Unknown command.
You hit the crystal guardian.
The crystal guardian is almost destroyed.
You slash the slime creature! You slice the yaktaur captain!!
The crystal guardian fires a crystalline bolt at you.
The crystal bolt freezes you!! x2
* * * LOW HITPOINT WARNING * * *
The crystal bolt freezes the crystal guardian.
The crystal guardian completely resists.
The slime creature hits you but does no damage.
The yaktaur captain hits you!
* * * LOW HITPOINT WARNING * * *
A cyan ugly thing comes into view.
Unknown command.
Unknown command.
You are too injured to fight recklessly!
Unknown command.
You hit the crystal guardian.
The crystal guardian is almost destroyed.
You hit the slime creature. You hit the yaktaur captain.
You block the yaktaur captain's attack.
The crystal guardian fires a crystalline bolt at you.
The crystal bolt freezes you!!
* * * LOW HITPOINT WARNING * * *
The crystal bolt freezes you!!
You die...

#.........#....# #...######
#.........#u...# #...#.....
#.........#.J..# #...#.....
#.........#..J.# +...#.....
#.........#....# #...####o.
#.........#....# #......#.o
.#####'#####...J########......#oo
...............9c.............#'#
...............J@................
................o)...............
#################'###############
#..44o4oo.# #...4.ooo.#
#...oo.o..# #.........#
#.........# #.........#


You could see a yaktaur captain (ally target), a cyan ugly thing, a crystal
guardian (strong, ally target), 4 slime creatures, a friendly orc warlord
(strong), the friendly Rocco the orc warlord (strong), the friendly Argrim the
orc knight (strong), the friendly Bladwarg the orc knight (strong), the friendly
Horkud the orc knight (strong) and a friendly orc high priest (strong).

Vanquished Creatures
  Xtahua (Vaults:2)
  3 emperor scorpions
  6 vault wardens
  4 ghost moths
  4 ironbound preservers
  An eleionoma (Swamp:4)
  A war gargoyle (Vaults:1)
  A broodmother (Spider:2)
  2 very ugly things (Swamp:4)
  A spark wasp (Lair:3)
  A white draconian (IceCv)
  A minotaur (Gauntlet)
  An ettin (Vaults:3)
  2 green deaths (Swamp:4)
  3 yaktaur captains
  A hydra (Gauntlet)
  A great orb of eyes (Vaults:1)
  Erolcha (D:13)
  3 peacekeepers
  An ironbound frostheart (Vaults:2)
  An alligator (Swamp:1)
  7 centaur warriors
  A two-headed ogre (D:14)
  2 boulder beetles
  A death knight (D:13)
  5 death yaks
  A spriggan berserker (Swamp:2)
  A thrashing horror (Swamp:4)
  A skyshark (Lair:4)
  2 pharaoh ants
  5 deep trolls
  5 orb spiders
  2 swamp dragons
  12 slime creatures
  2 glowing orange brains
  A glowing orange brain (shapeshifter) (Vaults:2)
  2 steelbarb worms (Spider:4)
  2 arcanists
  3 lindwurms
  Pikel (D:4)
  A bog body (Swamp:1)
  6 ironbound convokers
  3 orc sorcerers (Orc:2)
  2 will-o-the-wisps
  2 moths of wrath (Spider:3)
  6 ugly things
  A worldbinder (Gauntlet)
  2 wolf spiders
  A manticore (D:12)
  2 ice statues (IceCv)
  3 elephants
  A stone giant skeleton (Vaults:3)
  3 black mambas
  2 vault sentinels
  3 torpor snails
  Joseph (D:10)
  Psyche (D:11)
  A rime drake (shapeshifter) (D:15)
  4 rime drakes (IceCv)
  An unseen horror (D:11)
  6 cane toads
  2 orange demons (Swamp:4)
  15 yaktaurs
  5 komodo dragons
  A bloated husk (Swamp:4)
  2 human skeletons (Vaults:3)
  4 polar bears
  A queen bee (Spider:3)
  2 meliai (D:13)
  A troll (shapeshifter) (D:14)
  3 trolls
  A blink frog (Lair:3)
  Grinder (D:4)
  5 hornets
  3 tarantellas
  10 jumping spiders
  Sigmund (D:2)
  4 culicivoras
  2 centaur simulacra (D:15)
  A yak (shapeshifter) (D:12)
  2 wyverns
  A hog (D:14)
  6 humans (D:14)
  A shadow (Swamp:4)
  3 basilisks
  2 fire elementals (Spider:3)
  2 steam dragons
  10 yaks
  4 vampire mosquitoes
  5 wargs
  21 redbacks
  5 swamp worms
  2 acid dragons
  Edmund (D:4)
  6 water moccasins
  A glowing shapeshifter skeleton (Vaults:3)
  A black bear (Lair:5)
  5 orc warriors
  11 ogres
  4 boggarts
  8 wolves
  A centaur (D:8)
  2 lemures (D:4)
  3 kobold brigands
  A phantom (D:5)
  2 bullfrogs (Lair:1)
  A human zombie (Vaults:3)
  A scorpion (D:5)
  2 wights (D:8)
  7 killer bees
  4 lindwurm simulacra (IceCv)
  3 howler monkeys
  6 electric eels
  2 crimson imps (D:12)
  8 komodo dragon simulacra (IceCv)
  10 jellies
  Crazy Yiuf (D:4)
  2 hounds (D:5)
  3 gnoll boudas
  6 orc priests
  2 iguanas
  9 orc wizards
  Natasha (thrice) (D:2)
  11 gnolls
  2 acid dragon simulacra (IceCv)
  3 adders
  A shadow imp (Gauntlet)
  7 steam dragon simulacra (IceCv)
  5 worms
  2 dart slugs
  23 orcs
  5 endoplasms
  7 giant cockroaches
  11 goblins
  7 hobgoblins
  12 jackals
  2 quokkas
  10 ball pythons
  6 bats
  2 frilled lizards
  20 kobolds
  3 rats
531 creatures vanquished.

Vanquished Creatures (collateral kills)
  Bai Suzhen (Spider:2)
  Nikola (Spider:1)
  A tentacled monstrosity (Swamp:3)
  Jorgrun (D:15)
  Rupert (Orc:2)
  Mlioglotl (Swamp:1)
  Kirke (D:14)
  Donald (Spider:4)
  Roxanne (Swamp:1)
  A fire giant (Vaults:2)
  2 fenstrider witches (Swamp:3)
  Louise (Lair:2)
  5 emperor scorpions
  An orc warlord (Vaults:3)
  A ghost moth (Spider:1)
  7 ironbound preservers
  3 vault wardens
  2 ironbound thunderhulks
  A very ugly thing (Swamp:4)
  A formless jellyfish (Vaults:3)
  Nessos (D:14)
  Azrael (Spider:3)
  5 eleionomae
  4 dire elephants (Vaults:1)
  5 bunyips
  2 crystal guardians
  3 entropy weavers
  A yaktaur captain (Vaults:3)
  19 hydras
  5 great orbs of eyes
  3 vault guards (Vaults:2)
  A rakshasa (D:15)
  5 alligators
  2 death knights (Vaults:1)
  A boulder beetle (D:14)
  A spriggan air mage (Swamp:2)
  An ogre mage (Orc:2)
  2 radroaches
  A catoblepas (Lair:5)
  A ghost crab (Swamp:3)
  The ghost of martbhell the Fighter, a novice MiBe of Trog (D:8)
  4 ironbound frosthearts
  4 centaur warriors
  A deep troll shaman (Lair:5)
  2 tengu warriors (D:14)
  7 death yaks
  A spriggan berserker (Swamp:2)
  3 demonic crawlers
  2 occultists (D:15)
  6 spriggans
  A fire crab (shapeshifter) (D:11)
  Nergalle (D:10)
  2 skysharks (Lair:2)
  4 pharaoh ants
  Lodul (D:10)
  A death drake (Swamp:3)
  A goliath frog (Swamp:1)
  2 orb spiders (Spider:3)
  4 spriggan druids
  10 deep trolls
  An arcanist (Vaults:3)
  5 bog bodies
  3 phantasmal warriors
  7 lindwurms
  4 swamp dragons
  4 orc knights
  7 steelbarb worms
  3 necromancers
  2 deep elf pyromancers
  12 wolf spiders
  4 orc sorcerers
  10 ironbound convokers
  8 ugly things
  A manticore (D:14)
  A cyclops (D:14)
  A moth of wrath (Spider:3)
  A centaur zombie (D:15)
  6 black mambas
  9 vault sentinels
  A torpor snail (shapeshifter) (Vaults:3)
  8 elephants
  An orange demon (Swamp:3)
  An unseen horror (D:10)
  A gargoyle (D:12)
  A torpor snail (Spider:4)
  6 cane toads
  6 yaktaurs (Vaults:2)
  A freezing wraith (Vaults:1)
  An efreet (D:14)
  8 komodo dragons
  2 rime drakes
  A tengu conjurer (D:15)
  4 trolls
  3 polar bears
  2 hornets (Swamp:1)
  7 tyrant leeches
  4 meliai
  18 tarantellas
  8 blink frogs
  19 culicivoras
  25 slime creatures
  21 jumping spiders
  2 shadows
  2 wraiths
  10 wyverns
  A water elemental (D:11)
  3 basilisks (D:11)
  2 fire elementals (Spider:3)
  Grum (D:11)
  21 yaks
  10 humans (D:14)
  51 redbacks
  9 vampire mosquitoes
  5 wargs (Orc:2)
  An acid dragon (D:11)
  4 hell hounds (Spider:3)
  11 swamp worms
  8 water moccasins
  6 orc warriors
  8 ogres
  13 wolves
  A centaur (D:9)
  2 kobold brigands
  5 bullfrogs
  2 wights (D:8)
  20 killer bees
  2 crimson imps (D:12)
  6 jellies
  2 orc priests
  8 orc wizards
  7 gnolls
  20 orcs
  2 endoplasms (Lair:4)
  3 kobolds
642 creatures vanquished.

Vanquished Creatures (others)
  An orc sorcerer (Lair:5)
  8 orc warriors
  2 bloated husks (Swamp:4)
  A redback (Spider:4)
  4 humans (D:14)
  A swamp drake (Swamp:4)
  6 orc priests
  14 orc wizards
  An adder (D:4)
  44 orcs
  4 foxfires
86 creatures vanquished.

Grand Total: 1259 creatures vanquished

Notes
Turn   | Place    | Note
-------+----------+-------------------------------------------
     0 | D:1      | Bnni the Hill Orc Monk began the quest for the Orb.
     0 | D:1      | Reached XP level 1. HP: 19/19 MP: 1/1
   216 | D:1      | Reached XP level 2. HP: 25/27 MP: 2/2
   425 | D:1      | Reached skill level 5 in Axes
   442 | D:1      | Upgraded the game from 0.31-a0-1059-g83d41fd8b6 to
                  | 0.31-a0-1066-g35875b34c7
   554 | D:1      | Reached XP level 3. HP: 33/33 MP: 3/3
   934 | D:2      | Noticed Sigmund
   956 | D:2      | Killed Sigmund
   957 | D:2      | Reached skill level 5 in Fighting
   957 | D:2      | Reached XP level 4. HP: 37/42 MP: 4/4
   957 | D:2      | Reached XP level 5. HP: 43/48 MP: 5/5
  1239 | D:2      | Noticed Natasha
  1246 | D:2      | Killed Natasha
  1247 | D:2      | Reached XP level 6. HP: 39/56 MP: 6/6
  1319 | D:2      | Noticed Natasha
  1339 | D:2      | Killed Natasha
  1826 | D:2      | Noticed Natasha
  1832 | D:2      | Killed Natasha
  1888 | D:3      | Identified the +9 dagger "Rilag" {flame, *Rage rN++ SInv}
  2059 | D:3      | Found a shadowy altar of Dithmenos.
  2062 | D:3      | Found a hide-covered altar of Uskayaw.
  2062 | D:3      | Found an ancient bone altar of Kikubaaqudgha.
  2062 | D:3      | Found a hazy altar of Hepliaklqana.
  2062 | D:3      | Found a stormy altar of Qazlal.
  2062 | D:3      | Found a sacrificial altar of Ru.
  2063 | D:3      | Found an iron altar of Okawaru.
  2243 | D:3      | Found a faded altar of an unknown god.
  2680 | D:4      | Became a worshipper of Beogh the Brigand
  2680 | D:4      | Reached * piety under Beogh
  2680 | D:4      | Reached ** piety under Beogh
  2736 | D:4      | Reached XP level 7. HP: 39/63 MP: 7/7
  2855 | D:4      | Noticed Pikel
  2938 | D:4      | Killed Pikel
  2939 | D:4      | Reached XP level 8. HP: 44/71 MP: 7/10
  3092 | D:4      | Found a runed translucent door.
  3093 | D:4      | Noticed Crazy Yiuf
  3101 | D:4      | Killed Crazy Yiuf
  3102 | D:4      | Reached skill level 10 in Axes
  3286 | D:4      | Noticed Grinder
  3299 | D:4      | Paralysed by Grinder for 3 turns
  3306 | D:4      | Paralysed by Grinder for 3 turns
  3343 | D:4      | Killed Grinder
  3400 | D:4      | Noticed Edmund
  3411 | D:4      | Killed Edmund
  3718 | D:5      | Entered Level 5 of the Dungeon
  3760 | D:5      | Found a white marble altar of Elyvilon.
  3926 | D:5      | Reached skill level 5 in Invocations
  3959 | D:5      | Found a staircase to the Ecumenical Temple.
  4426 | D:6      | Reached XP level 9. HP: 76/81 MP: 11/13
  4458 | D:6      | Found a glowing drain.
  4467 | D:6      | Reached *** piety under Beogh
  4512 | Sewer    | Entered a sewer
  4950 | D:6      | You fall into a shaft and drop 2 floors!
  4958 | D:8      | Found a runed translucent gate.
  4959 | D:8      | Found a runed translucent gate.
  4961 | D:8      | Found a runed translucent gate.
  4962 | D:8      | Noticed martbhell's ghost (novice MiBe)
  4972 | D:8      | Gained Beowulf as an ally
  5025 | D:8      | Found a flagged portal.
  5029 | D:8      | Reached **** piety under Beogh
  5048 | Bailey   | Entered a bailey
  5087 | Bailey   | Gained Hilgar as an ally
  5576 | Bailey   | Noticed an orc knight
  5582 | Bailey   | Killed an orc knight
  5685 | D:8      | Noticed a hornet
  5690 | D:8      | Killed a hornet
  6203 | D:8      | Reached XP level 10. HP: 91/91 MP: 12/15
  6766 | D:8      | Found a viscous altar of Jiyva.
  6784 | D:8      | Killed martbhell's ghost
  7226 | D:9      | Reached ***** piety under Beogh
  7245 | D:9      | Gained Bogfrid as an ally
  7246 | D:9      | Reached skill level 10 in Fighting
  7533 | D:9      | Found a sparkling altar of Nemelex Xobeh.
  8087 | D:10     | Entered Level 10 of the Dungeon
  8123 | D:10     | Noticed Joseph
  8131 | D:10     | Killed Joseph
  8479 | D:10     | Noticed Lodul
  8484 | D:10     | Reached skill level 15 in Axes
  8493 | D:10     | Killed Lodul
  8717 | D:10     | Found a broken altar of Ashenzari.
  8798 | D:10     | Found Tuash's Book Shop.
  8895 | D:10     | Reached XP level 11. HP: 53/101 MP: 18/18
  9105 | D:10     | Noticed Nergalle
  9110 | D:10     | Killed Nergalle
  9111 | D:10     | Reached skill level 1 in Armour
  9284 | D:10     | Reached skill level 10 in Invocations
  9319 | D:10     | Noticed a deep elf pyromancer
  9335 | D:10     | Killed a deep elf pyromancer
  9513 | D:10     | Found an ornate altar of the Wu Jian Council.
  9693 | D:11     | a yaktaur changed into a fire crab
  9693 | D:11     | Noticed a fire crab (shapeshifter)
  9696 | D:11     | Killed a fire crab
  9873 | D:11     | Found a staircase to the Lair.
  9976 | D:11     | Noticed Psyche
  9985 | D:11     | Killed Psyche
 10038 | D:11     | Noticed Grum
 10049 | D:11     | Killed Grum
 10442 | D:11     | Noticed a cyan ugly thing
 10442 | D:11     | Noticed a boulder beetle
 10452 | D:11     | Killed a boulder beetle
 10452 | D:11     | Killed a cyan ugly thing
 10905 | D:12     | Noticed a manticore
 10905 | D:12     | Found a staircase to the Orcish Mines.
 10914 | D:12     | Killed a manticore
 11424 | D:12     | Reached XP level 12. HP: 91/112 MP: 20/20
 11462 | D:12     | Found a shimmering altar of Xom.
 11759 | D:12     | Reached skill level 5 in Armour
 12508 | D:13     | Noticed a death knight
 12540 | D:13     | Killed a death knight
 12823 | D:13     | Noticed Erolcha
 12826 | D:13     | Killed Erolcha
 12883 | D:13     | Noticed a six-headed hydra
 12893 | D:13     | Killed a six-headed hydra
 12985 | D:13     | Gained Spirok as an ally
 13439 | D:14     | Noticed a centaur warrior
 13448 | D:14     | Killed a centaur warrior
 13669 | D:14     | Found a shimmering blue altar of Sif Muna.
 13780 | D:14     | Noticed Kirke
 13795 | D:14     | Killed Kirke
 13855 | D:14     | Killed a boulder beetle
 14066 | D:14     | Noticed Nessos
 14070 | D:14     | Noticed a two-headed ogre
 14078 | D:14     | Your ally Hilgar died
 14078 | D:14     | Killed Nessos
 14082 | D:14     | Killed a two-headed ogre
 14083 | D:14     | Reached XP level 13. HP: 105/122 MP: 19/22
 14087 | D:14     | Found a gate to the Vaults.
 14961 | D:15     | Entered Level 15 of the Dungeon
 15020 | D:15     | Found Xireolucs's Armour Shoppe.
 15028 | D:15     | Bought a +2 pair of boots of rampaging for 301 gold pieces
 15028 | D:15     | Bought a +0 helmet for 63 gold pieces
 15028 | D:15     | Bought a +2 pair of gloves for 231 gold pieces
 15074 | D:14     | Gained Milork as an ally
 15092 | D:14     | Reached skill level 1 in Shields
 15245 | D:15     | Noticed a rakshasa
 15252 | D:15     | Your ally Spirok died
 15257 | D:15     | Killed a rakshasa
 15269 | D:15     | Found a staircase to the Depths.
 15733 | D:15     | Found a white marble altar of Elyvilon.
 15940 | D:15     | Found a transporter.
 15941 | D:15     | Noticed Sacsyrch's ghost (journeyman DrMo)
 15955 | D:15     | Found a transporter.
 15955 | D:15     | Noticed a vampire knight
 16039 | D:15     | Noticed Jorgrun
 16045 | D:15     | Killed Jorgrun
 16425 | Lair:1   | Entered Level 1 of the Lair of Beasts
 16467 | Lair:1   | Found a gate leading to a gauntlet.
 16575 | Gauntlet | Entered a Gauntlet
 16575 | Gauntlet | Found a transporter.
 16593 | Gauntlet | Found a transporter.
 16596 | Gauntlet | Found a transporter.
 16597 | Gauntlet | Found a transporter.
 16606 | Gauntlet | Found a transporter.
 16609 | Gauntlet | Found a transporter.
 16610 | Gauntlet | Found a transporter.
 16618 | Gauntlet | Found a runed translucent door.
 16622 | Gauntlet | Found a transporter.
 16623 | Gauntlet | Found a transporter.
 16631 | Gauntlet | Found a transporter.
 16631 | Gauntlet | Found a transporter.
 16634 | Gauntlet | Found a transporter.
 16635 | Gauntlet | Found a transporter.
 16643 | Gauntlet | Found a transporter.
 16777 | Gauntlet | Paralysed by a hornet for 2 turns
 16916 | Gauntlet | Reached skill level 5 in Shields
 17470 | Gauntlet | Identified the ring of Miahustri {rN+ Str+5 Dex+2}
 17470 | Gauntlet | Noticed a minotaur
 17479 | Gauntlet | Killed a minotaur
 17491 | Gauntlet | Identified the staff "Akaner" {rF+ Will+ Fire}
 18106 | Lair:1   | Reached XP level 14. HP: 133/133 MP: 24/24
 18159 | Lair:2   | Found a staircase to the Swamp.
 18875 | Lair:2   | Reached skill level 15 in Fighting
 19183 | Lair:2   | Reached ****** piety under Beogh
 19253 | Lair:3   | Gained Berold as an ally
 19402 | Orc:1    | Entered Level 1 of the Orcish Mines
 19618 | Lair:3   | Reached skill level 10 in Armour
 19618 | Lair:3   | Reached skill level 15 in Invocations
 19688 | Lair:3   | Found a hole to the Spider Nest.
 20236 | Lair:4   | Found a staircase to the Slime Pits.
 20237 | Lair:4   | Found a viscous altar of Jiyva.
 21183 | Lair:5   | Entered Level 5 of the Lair of Beasts
 21192 | Lair:4   | Gained Bladwarg as an ally
 21769 | Lair:5   | Identified the +1 mace of Wysoec {drain, Int+2}
 21902 | Lair:5   | Reached skill level 10 in Shields
 21908 | Lair:5   | Gained Urtork as an ally
 21930 | Lair:5   | Reached XP level 15. HP: 124/143 MP: 26/26
 22488 | Orc:2    | Entered Level 2 of the Orcish Mines
 22522 | Orc:2    | Found a frozen archway.
 22531 | IceCv    | Entered an ice cave
 23500 | Orc:2    | Found Welab's Antique Weapon Shop.
 23578 | Orc:2    | Gained Boldo as an ally
 23587 | Orc:2    | Found a roughly hewn altar of Beogh.
 23589 | Orc:2    | Your ally Boldo died
 23613 | Orc:2    | Found a staircase to the Elven Halls.
 23686 | Orc:2    | Paralysed by an ogre mage for 3 turns
 23919 | Orc:2    | Found Akkiafor's General Store.
 23934 | Orc:2    | Found Lozus's Magic Scroll Emporium.
 23975 | Orc:2    | Noticed Rupert
 23980 | Orc:2    | Killed Rupert
 23995 | Orc:2    | Found Xiciasoa's Jewellery Shop.
 24023 | Orc:2    | Found Ciosmaz's Antique Weapon Emporium.
 24172 | Orc:2    | Found a bloodstained altar of Trog.
 24278 | Orc:2    | Bought a scroll of enchant weapon for 112 gold pieces
 24278 | Orc:2    | Bought 2 scrolls of brand weapon for 285 gold pieces
 24344 | Orc:2    | Upgraded the game from 0.31-a0-1066-g35875b34c7 to
                  | 0.31-a0-1082-g7d1fb776a8
 24570 | Spider:1 | Entered Level 1 of the Spider Nest
 25148 | Spider:1 | Gained Horkud as an ally
 25961 | Spider:1 | Noticed an emperor scorpion
 25976 | Spider:1 | Killed an emperor scorpion
 25994 | Spider:1 | Noticed Nikola
 26005 | Spider:1 | Killed Nikola
 26647 | Spider:1 | Killed a ghost moth
 26820 | Spider:2 | Killed a ghost moth
 27069 | Spider:2 | Noticed an emperor scorpion
 27076 | Spider:2 | Killed an emperor scorpion
 27622 | Spider:2 | Reached XP level 16. HP: 124/149 MP: 28/28
 27704 | Spider:3 | Noticed Bai Suzhen
 27868 | Spider:2 | Killed Bai Suzhen
 28195 | Spider:3 | Identified the +11 lajatang of Sulphur {pain, Dex+3}
 28617 | Spider:3 | Noticed Azrael
 28629 | Spider:3 | Killed Azrael
 29100 | Spider:4 | Entered Level 4 of the Spider Nest
 29378 | Spider:4 | Gained Bogric as an ally
 29606 | Spider:4 | Gained Brunolf as an ally
 30190 | Spider:4 | Noticed Donald
 30201 | Spider:4 | Killed Donald
 30216 | Spider:4 | Got a gossamer rune of Zot
 30965 | Swamp:1  | Entered Level 1 of the Swamp
 31014 | Swamp:1  | Upgraded the game from 0.31-a0-1082-g7d1fb776a8 to
                  | 0.31-a0-1084-gb392501acf
 31016 | Swamp:1  | Noticed Louise
 31043 | Lair:2   | Killed Louise
 31140 | Swamp:1  | Noticed Roxanne
 31154 | Swamp:1  | Killed Roxanne
 31528 | Swamp:1  | Noticed Mlioglotl
 31537 | Swamp:1  | Killed Mlioglotl
 32596 | Swamp:1  | Reached XP level 17. HP: 147/163 MP: 29/29
 33401 | Swamp:2  | Reached skill level 15 in Shields
 34455 | Swamp:4  | Entered Level 4 of the Swamp
 36282 | Swamp:4  | Noticed a tentacled monstrosity
 36325 | Swamp:3  | Killed a tentacled monstrosity
 36685 | Swamp:4  | Got a decaying rune of Zot
 37302 | Vaults:1 | Entered Level 1 of the Vaults
 38317 | Vaults:1 | Identified the ring of Ignis's Pride {rN+ Str+6 Dex+2 SInv}
 39826 | Vaults:2 | Found Laan's Book Shop.
 39844 | Vaults:2 | Found Paluvag's Weapon Shop.
 40887 | Vaults:2 | Found a staircase to the Crypt.
 41115 | Vaults:1 | Reached XP level 18. HP: 173/173 MP: 31/31
 41957 | Vaults:2 | Found Fuxo Nera's Weapon Shoppe.
 42042 | Vaults:2 | Found Xomijorch's Weapon Emporium.
 42056 | Vaults:2 | Found Inwiacvo's Jewellery Emporium.
 42177 | Vaults:3 | Noticed Xtahua
 42178 | Vaults:3 | Paralysed by Xtahua for 2 turns
 42189 | Vaults:2 | Killed Xtahua
 42189 | Vaults:2 | Gained Argrim as an ally
 42378 | Orc:2    | Bought a runed spear for 156 gold pieces
 43800 | Vaults:3 | Found Bynk's Weapon Boutique.
 44940 | Vaults:3 | Reached skill level 15 in Armour
 44948 | Vaults:3 | Gained Rocco as an ally
 45398 | Vaults:3 | Bought a +2 spear of flaming for 348 gold pieces
 45715 | Vaults:4 | HP: 6/176 [crystal guardian/crystal bolt[a peacekeeper]
                  | (33)]
 45715 | Vaults:4 | Killed from afar by a crystal guardian

Illustrated notes

Levels and vault maps discovered:
D:1:      dpeg_arrival_signposts, layout_loops_cross
D:2:      layout_loops_ring, uniq_sigmund, uniq_natasha
D:3:      layout_loops_ring, grunt_temple_overflow_open,
          ebering_ecumenical_altar_box
D:4:      layout_cave_pools, minivault_14, uniq_edmund, uniq_pikel,
          uniq_grinder, uniq_crazy_yiuf_cottage
D:5:      layout_loops_ring, mainiacjoe_overflow_small_starburst,
          minmay_temple_entry_gardened_gates
D:6:      layout_gridville, cheibrodos_sewer_entry_bend, serial_bayou_pond_d
D:8:      layout_loops_ring, gammafunk_ghost_ooze, enter_bailey_3
D:9:      layout_small_grid, nemelex_xobeh_ov_fountains_minmay
D:10:     layout_irregular_city, nzn_wu_jian_council_hall,
          cheibrodos_ashenzari_chains, serial_shops, nicolae_diamond_shop,
          billiards_dpeg, uniq_nergalle, uniq_joseph, uniq_lodul
D:11:     layout_basic, erik_lair_dragon, minivault_24, minivault_25_ag,
          uniq_grum, uniq_psyche
D:12:     layout_rooms, orc_david_3, led_xom_imps
D:13:     layout_basic, nicolae_water_bricks, uniq_erolcha
D:14:     layout_irregular_city, david_vaults_3, lemuel_blue_sif_altar,
          uniq_kirke
D:15:     grunt_enter_depths_magical_seal, layout_gridville,
          gammafunk_ghost_mausoleum, nicolae_elyvilon_temple_path, serial_shops,
          nicolae_shop_mannequins, uniq_jorgrun
Lair:1:   layout_regular_city, gauntlet_entry_generic, lemuel_old_faithful
Lair:2:   layout_cave_pods, swamp_mist, grunt_forest_small_clearings,
          grunt_megastairs_5
Lair:3:   layout_big_grid, dummy_spider_entry, st_stairs_4,
          cheibrodos_lair_lostbears, grunt_megastairs_4
Lair:4:   layout_cave_shapes, minmay_slime_entry_jelly_boxes
Lair:5:   grunt_lair_end_beastmaster, layout_small_grid,
          infiniplex_staircase_pool_2
Swamp:1:  layout_basic_swamp, infiniplex_staircase_pool, uniq_mlioglotl,
          uniq_louise, uniq_roxanne
Swamp:2:  layout_falls_marsh, serial_swamp_ruin, evilmike_swamp_ruin_rubble_1,
          evilmike_swamp_ruin_house_6, nicolae_swamp_decorative_isthmus,
          nicolae_swamp_tree_isthmus
Swamp:3:  layout_basic_swamp, nicolae_swamp_some_circles,
          nicolae_swamp_fairy_circle
Swamp:4:  swamp_vile, layout_basic_swamp
Spider:1: layout_chambers, uniq_nikola
Spider:2: layout_spider_delve, spiders_nest_hornet_nest
Spider:3: layout_spider_delve, special_room [special_room_bee],
          hangedman_spider_tarantella_strand, uniq_azrael, uniq_bai_suzhen
Spider:4: grunt_spider_rune_circles, uniq_donald
Orc:1:    layout_caves
Orc:2:    st_orc_town, layout_caves, serial_shops, shop,
          portal_ice_cave_entry_pillars_1, basic_altar, mines4_lemuel,
          uniq_rupert
Vaults:1: nicolae_vaults_storage_closets_1, nicolae_vaults_trapezoid_lopsided_3,
          v_misc_25, nicolae_vaults_heart-shaped_vault, ontoclasm_vaults_spin,
          nicolae_vaults_storage_closets_3, nicolae_vaults_tangram_1,
          nicolae_vaults_apartment_1, layout_vaults_omnigrid
Vaults:2: vaults_mumra_chevron_long, vaults_standard_mumra_enter_the_diamond,
          v_misc_30, hangedman_vaults_cutoff,
          nicolae_vaults_stairing_the_circle, vaults_room_large_hall,
          hangedman_vaults_maws, vaults_standard_mumra_x, grunt_vaults_diagonal,
          blue_anna_dwarven_crypt, ontoclasm_vaults_bender,
          grunt_vaults_hallway_short, nicolae_vaults_variable_pillar_hall,
          layout_vaults_big_cross, serial_shops,
          nicolae_shop_pleasant_corner_grove, shop,
          nicolae_shop_tiny_statue_garden, shop, nicolae_shop_hallway_plus
Vaults:3: v_misc_8, nicolae_vaults_more_shelving_2, v_misc_23, st_star,
          nicolae_vaults_trapezoid_lopsided_2, nicolae_vaults_network_barrier,
          nicolae_vaults_weapon_check, vaults_mumra_hex,
          grunt_vaults_hallway_short, nicolae_vaults_alarming,
          vaults_dpeg_hooks, layout_vaults_ring, serial_shops,
          nicolae_lakefront_shop, uniq_xtahua
Vaults:4: nicolae_vaults_house_2, nicolae_vaults_library_corner,
          hangedman_vaults_corner_blocks, v_rooms_2,
          nicolae_vaults_tetromino_Z_2, vaults_room_fours,
          layout_vaults_big_room, uniq_jory

Skill      XL: |  1  2  3  4  5  6  7  8  9 10 11 12 13 14 15 16 17 18 |
---------------+-------------------------------------------------------+-----
Fighting       | 4 5 6 7 9 10 11 13 14 15 16 17 18 19 | 19.3
Axes           | 5 7 8 9 11 13 15 17 18 | 18.0
Invocations    | 3 5 7 9 11 13 14 15 16 17 19 | 19.7
Armour         | 4 7 9 10 12 13 14 15 | 15.2
Shields        | 6 10 12 14 16 18 | 18.0
Dodging        | |  2.4

Action                     |  1- 3 |  4- 6 |  7- 9 | 10-12 | 13-15 | 16-18 || total
---------------------------+-------+-------+-------+-------+-------+-------++-------
  Melee: Hand axe          |    83 |    66 |       |       |       |       ||   149
         Dagger            |       |    41 |   186 |       |       |       ||   227
         War axe           |       |       |     8 |   238 |       |       ||   246
         Punch             |       |       |       |     5 |     1 |       ||     6
         Broad axe         |       |       |       |    44 |   798 |   616 ||  1458
         Unarmed           |       |       |       |     6 |     8 |     3 ||    17
  Throw: Dart              |       |       |       |     3 |     2 |       ||     5
         Boomerang         |       |       |       |       |       |     1 ||     1
 Invoke: Convert to Beogh  |       |     1 |       |       |       |       ||     1
         Recall Orcish Fol |       |       |     2 |    53 |    59 |    37 ||   151
         Give Item to Name |       |       |       |     3 |     4 |     6 ||    13
         Smiting           |       |       |       |    15 |    10 |    15 ||    40
         Resurrection      |       |       |       |       |     2 |     1 ||     3
         Stop Recall       |       |       |       |       |     4 |    25 ||    29
  Evoke: Wand              |       |       |     1 |       |     6 |     2 ||     9
    Use: Potion            |     1 |       |       |     5 |     3 |     4 ||    13
         Scroll            |       |       |     4 |    19 |    16 |     3 ||    42
   Stab: Distracted        |       |       |       |     6 |    11 |    23 ||    40
         Paralysed         |       |       |       |     1 |     1 |     5 ||     7
         Invisible         |       |       |       |       |     1 |     1 ||     2
         Petrifying        |       |       |       |       |     1 |       ||     1
         Petrified         |       |       |       |       |     1 |       ||     1
         Confused          |       |       |       |       |     2 |     1 ||     3
 Armour: Leather armour    |    49 |    46 |       |       |       |       ||    95
         Ring mail         |       |     9 |    30 |       |       |       ||    39
         Scale mail        |       |       |    16 |       |       |       ||    16
         Chain mail        |       |       |    58 |       |       |       ||    58
         Plate armour      |       |       |    40 |   299 |       |       ||   339
         Skin              |       |       |       |    40 |   113 |       ||   153
         Crystal plate arm |       |       |       |    14 |  1172 |  1044 ||  2230
  Dodge: Dodged            |    59 |    54 |    73 |    73 |   148 |   141 ||   548
  Block: Buckler           |       |       |       |       |   153 |       ||   153
         Kite shield       |       |       |       |       |   340 |   254 ||   594
         Tower shield      |       |       |       |       |       |  1123 ||  1123
         Reflection        |       |       |       |       |       |    75 ||    75

Table legend: (Time is in decaauts)
 A = Elapsed time spent in this place.
 B = Non-inter-level travel time spent in this place.
 C = Inter-level travel time spent in this place.
 D = Time resting spent in this place.
 E = Time spent auto-exploring this place.
 F = Levels seen in this place.
 G = Mean time per level.
                   A        B        C        D        E       F      G
               +--------+--------+--------+--------+--------+-----+--------+
         Total |  45915 |  42439 |   3476 |  11740 |  11861 |  37 | 1240.9 |
       Dungeon |  16842 |  15459 |   1383 |   5239 |   5328 |  14 | 1203.0 |
          Lair |   5168 |   4535 |    633 |    533 |   1160 |   5 | 1033.6 |
         Swamp |   5992 |   5673 |    319 |   1374 |   1811 |   4 | 1498.0 |
   Spider Nest |   5685 |   5409 |    276 |   1745 |    971 |   4 | 1421.2 |
  Orcish Mines |   1504 |   1330 |    174 |     36 |    459 |   2 |  752.0 |
        Vaults |   7840 |   7151 |    689 |   1195 |   1807 |   4 | 1960.0 |
         Sewer |    404 |    404 |      0 |    153 |    116 |   1 |  404.0 |
        Bailey |    644 |    644 |      0 |    464 |      0 |   1 |  644.0 |
      Ice Cave |    927 |    927 |      0 |    488 |     66 |   1 |  927.0 |
      Gauntlet |    905 |    905 |      0 |    510 |    142 |   1 |  905.0 |
               +--------+--------+--------+--------+--------+-----+--------+

Top non-repeatable levels by time:
Vaults:2: 3107 daAuts
Vaults:3: 2322 daAuts
Vaults:1: 2179 daAuts
 Swamp:3: 2141 daAuts
    D:14: 2093 daAuts
    D:11: 1774 daAuts
Spider:1: 1708 daAuts
    D:12: 1670 daAuts
Spider:3: 1579 daAuts
    D:10: 1484 daAuts
 Swamp:4: 1455 daAuts
     D:8: 1417 daAuts
  Lair:2: 1406 daAuts
Spider:4: 1401 daAuts
  Lair:3: 1395 daAuts
